 Dungeon Crawl Stone Soup version 0.31-a0-455-g1a7b003ef0 (webtiles) character file.

Game seed: 12833817646223978641

83 kae the Changeling (level 4, -5/39 HPs)
             Began as a Naga Shapeshifter on Aug 3, 2023.
             Slain by a gnoll
             ... wielding a +0 flail
              (8 damage)
             ... on level 2 of the Dungeon.
             The game lasted 00:01:39 (1456 turns).

kae the Changeling (Naga Shapeshifter)              Turns: 1456, Time: 00:01:39

Health: -5/39      AC:  2    Str: 18    XL:     4   Next: 44%
Magic:  4/4        EV: 10    Int:  8    God:
Gold:   16         SH:  0    Dex: 13    Spells: 3/3 levels left

rFire   . .          .
                       - Unarmed
rCold   . . .        (no shield)
rNeg    . . .        a - +0 animal skin
rPois   +            (helmet currently unavailable)
rElec   .            (cloak currently unavailable)
rCorr   .            (gloves currently unavailable)
SInv    +            (no barding)
Will    .....        (no amulet)
Stlth   +            (no ring)
HPRegen 0.26/turn    (no ring)
MPRegen 0.09/turn

%: no passive effects
@: beast-form, very slow
A: beast (slay +2), AC +1, large, see invisible, deformed body, poison
resistance, slowness 2, spit poison 1, naga tail 1
a: Spit Poison, Begin Untransformation


You were on level 2 of the Dungeon.
You were a hulking beast.
You visited 1 branch of the dungeon, and saw 2 of its levels.

You collected 16 gold pieces.


Innate Abilities, Weirdness & Mutations

You are a hulking beast.
Your limbs bulge with bestial killing power. (Slay +2)
Your serpentine skin is tough. (AC +1)
You have supernaturally acute eyesight. (SInv)
Armour fits poorly on your strangely shaped body.
Your system is resistant to poisons. (rPois)
You cover ground very slowly.
You can spit poison.
You have a snake-like lower body.


   Skills:
 + Level 2.0 Fighting
 - Level 2.0 Dodging
 + Level 3.5 Unarmed Combat
 * Level 3.7 Shapeshifting


You had 3 spell levels left.
You didn't know any spells.
Your spell library contained the following spells:

 Spells                   Type           Power      Damage    Failure   Level
 Slow                     Hex            0%         N/A       41%         1
 Confusing Touch          Hex            0%         N/A       78%         3
 Vampiric Draining        Necr           0%         2d6       78%         3
 Haunt                    Necr/Summ      0%         N/A       100%        7
 Borgnjor's Revivificati  Necr           0%         N/A       100%        8
 Death's Door             Necr           0%         N/A       100%        9

Inventory:

Missiles
 d - 5 stones
Armour
 a - a +0 animal skin (worn)
Jewellery
 F - a ring of fire
   (You found it on level 1 of the Dungeon)
Talismans
 c - a beast talisman (active)

Dungeon Overview and Level Annotations

Branches:
Dungeon (2/15) Zot: 10130

Altars:

######### ######'###
#.......# #.(.......
#.......# #...(.....
#.......# #.........
#.......###.........
#.........#.........
#####.........#..g......
#......#'†.†..'.h)......
#......#)#.)..#.........
#......#)#....#.........
#......#.#....#.........
####+#.#.#....#......~~~
#.#.#.#....#.....~~~~
#.#.#.#....###.#.~~~~
#.#.#.#....# .#.~~~~
#.....#....# .. .~~l


You could see a gnoll.


Message History

You are not religious.
You closely miss the frilled lizard. You barely miss the frilled lizard.
The frilled lizard bites you but does no damage.
You punch the frilled lizard!
You kill the frilled lizard!
Your Fighting skill increases to level 2!
You hit the giant cockroach.
The giant cockroach bites you but does no damage.
You closely miss the giant cockroach. The giant cockroach barely misses you.
You hit the giant cockroach.
You kill the giant cockroach! 😕 HP[+1] No target in view!
No target in view!
A frilled lizard comes into view. 😕 HP[+2]
You regained 2 hp, and now have 36/39 hp.
Unknown command.
A frilled lizard is nearby!
A frilled lizard is nearby!
The frilled lizard hisses angrily.
There is a large open door, spattered with blood here.
You see here a frilled lizard corpse. 😕 HP[+1]
Aiming: Spit Poison (1% risk of failure)
Press: ? - help, Shift-Dir - straight line, f - frilled lizard
Aim: a frilled lizard (37% to hit)
The splash of poison hits the frilled lizard.
The frilled lizard is poisoned.
You kill the frilled lizard!
No target in view!
No target in view!
You have got your breath back.
You see here a frilled lizard corpse. 2 gnolls come into view.
The gnoll shouts!
There is an open door here. 😎 HP[+2]
Your hp is fully restored (39).
There are monsters nearby!
Unknown command.
There are monsters nearby!
Aiming: Spit Poison (1% risk of failure)
Press: ? - help, Shift-Dir - straight line, f - gnoll
Aim: a gnoll, wielding a +0 flail (65% to hit)
The splash of poison misses the gnoll.
The gnoll shouts!
The gnoll closely misses you.
You aren't carrying any potions.
Unknown command.
Okay, then.
As you read the scroll labelled FUAZ LOOTAUGE, it crumbles to dust.
It is a scroll of amnesia.
You feel forgetful for a moment. The gnoll hits you but does no damage.
Okay, then.
You barely miss the gnoll. The gnoll closely misses you.
Unknown command.
You closely miss the gnoll.
The gnoll hits you with a +0 flail. 😕 HP[-3]
You take 3 damage, and now have 36/39 hp.
You hit the gnoll.
Unknown command.
You closely miss the gnoll. You hit the gnoll.
You have got your breath back.
The gnoll barely misses you.
The gnoll hits you with a +0 flail! 😮 HP[-11]
You take 11 damage, and now have 25/39 hp.
MASSIVE DAMAGE!! (PAUSE)
You barely miss the gnoll. The gnoll hits you with a +0 flail!
* * * LOW HITPOINT WARNING * * *
The gnoll barely misses you. 😨 HP[-9]
You take 9 damage, and now have 16/39 hp.
MASSIVE DAMAGE!! (PAUSE)
You hit the gnoll. Your punch misses the gnoll. The gnoll barely misses you.
The gnoll hits you with a +0 flail.
* * * LOW HITPOINT WARNING * * *
😨 HP[-5]
You take 5 damage, and now have 11/39 hp.
You hit the gnoll. You punch the gnoll. The gnoll closely misses you.
The gnoll hits you with a +0 flail.
* * * LOW HITPOINT WARNING * * *
😱 HP[-2]
You take 2 damage, and now have 9/39 hp.
You hit the gnoll.
You kill the gnoll!
The gnoll hits you with a +0 flail.
* * * LOW HITPOINT WARNING * * *
Unknown command. 😱 HP[-5]
You take 5 damage, and now have 4/39 hp.
You hit the gnoll. The gnoll hits you with a +0 flail.
* * * LOW HITPOINT WARNING * * *
😱 HP[-1]
You take 1 damage, and now have 3/39 hp.
Unknown command.
You hit the gnoll. The gnoll hits you with a +0 flail!
You die...

Skill      XL: |  1  2  3  4 |
---------------+-------------+-----
Dodging        | 2 |  2.0
Fighting       | 2 |  2.0
Unarmed Combat | |  3.5
Shapeshifting  | |  3.7

Action                     |  1- 3 |  4- 6 || total
---------------------------+-------+-------++-------
  Melee: Unarmed           |    48 |    26 ||    74
         Punch             |       |     1 ||     1
Ability: Spit Poison       |    19 |     3 ||    22
    Use: Scroll            |     2 |     1 ||     3
         Potion            |     1 |       ||     1
 Armour: Animal skin       |     8 |     3 ||    11
         Skin              |     7 |     6 ||    13
  Dodge: Dodged            |    22 |     7 ||    29

Levels and vault maps discovered:
D:1:      dpeg_arrival_chambers_temple_mockup, layout_basic,
          minmay_misc_feat_ornament
D:2:      layout_basic, minmay_lizard_pond, uniq_natasha

Notes
Turn   | Place    | Note
-------+----------+-------------------------------------------
     0 | D:1      | kae the Naga Shapeshifter began the quest for the Orb.
     0 | D:1      | Reached XP level 1. HP: 18/18 MP: 1/1
     0 | D:1      | magus.rc [v1.11.3]
   305 | D:1      | Reached XP level 2. HP: 23/25 MP: 2/2
   705 | D:1      | You pick up a book of Debilitation and begin reading...
   705 | D:1      | You add the spells Slow, Vampiric Draining and Confusing
                  | Touch to your library.
   717 | D:1      | You add the spells Haunt, Borgnjor's Revivification and
                  | Death's Door to your library.
   785 | D:1      | Reached XP level 3. HP: 31/31 MP: 3/3
  1289 | D:2      | HP: 3/31 [iguana (9)]
  1296 | D:2      | HP: 6/46 [iguana (1)]
  1301 | D:2      | Reached skill level 2 in Dodging
  1301 | D:2      | Reached XP level 4. HP: 7/39 MP: 4/4
  1419 | D:2      | Reached skill level 2 in Fighting
  1453 | D:2      | HP: 9/39 [gnoll/+0 flail (2)]
  1454 | D:2      | HP: 4/39 [gnoll/+0 flail (6)]
  1456 | D:2      | Slain by a gnoll

Vanquished Creatures
  An iguana (D:2)
  2 gnolls (D:2)
  2 dart slugs (D:1)
  A ball python (D:1)
  3 bats
  4 endoplasms (D:1)
  A giant cockroach (D:2)
  3 goblins
  3 quokkas (D:1)
  9 frilled lizards
  3 kobolds (D:1)
  2 rats (D:1)
34 creatures vanquished.

Table legend:
 A = Non-vault XP
 B = Vault XP
 C = Vault XP percentage of total XP
 D = Non-vault monster count
 E = Vault monster count
 F = Vault count percentage of total count
                 A         B        C        D         E       F
            +---------+---------+-------+---------+---------+-------
      Total |     112 |       7 |   5.9 |      27 |       7 |  20.6
            +---------+---------+-------+---------+---------+-------
        D:1 |      39 |       0 |   0.0 |      20 |       0 |   0.0
        D:2 |      73 |       7 |   8.8 |       7 |       7 |  50.0
            +---------+---------+-------+---------+---------+-------

Skill      XL: |  1  2  3  4 |
---------------+-------------+-----
Dodging        | 2 |  2.0
Fighting       | 2 |  2.0
Unarmed Combat | |  3.5
Shapeshifting  | |  3.7

Action                     |  1- 3 |  4- 6 || total
---------------------------+-------+-------++-------
  Melee: Unarmed           |    48 |    26 ||    74
         Punch             |       |     1 ||     1
Ability: Spit Poison       |    19 |     3 ||    22
    Use: Scroll            |     2 |     1 ||     3
         Potion            |     1 |       ||     1
 Armour: Animal skin       |     8 |     3 ||    11
         Skin              |     7 |     6 ||    13
  Dodge: Dodged            |    22 |     7 ||    29

Illustrated notes

Table legend:
 A = Kills in this place as a percentage of kills in the entire game.
 B = Kills by you in this place as a percentage of kills by you in the entire game.
 C = Kills by friends in this place as a percentage of kills by friends in the entire game.
 D = Other kills in this place as a percentage of other kills in the entire game.
 E = Experience gained in this place as a percentage of experience gained in the entire game.
 F = Experience gained in this place divided by the number of levels of this place that you have seen.
                   A       B       C       D       E      F
               +-------+-------+-------+-------+-------+----------------------
         Total | 100.0 | 100.0 |   N/A |   N/A | 100.0 |  59.5
       Dungeon | 100.0 | 100.0 |   N/A |   N/A | 100.0 |  59.5
               +-------+-------+-------+-------+-------+----------------------

Table legend: (Time is in decaauts)
 A = Elapsed time spent in this place.
 B = Non-inter-level travel time spent in this place.
 C = Inter-level travel time spent in this place.
 D = Time resting spent in this place.
 E = Time spent auto-exploring this place.
 F = Levels seen in this place.
 G = Mean time per level.
                   A        B        C        D        E       F      G
               +--------+--------+--------+--------+--------+-----+--------+
         Total |   1868 |   1809 |     59 |      0 |   1594 |   2 |  934.0 |
       Dungeon |   1868 |   1809 |     59 |      0 |   1594 |   2 |  934.0 |
               +--------+--------+--------+--------+--------+-----+--------+

Top non-repeatable levels by time:
     D:1: 1620 daAuts
     D:2: 248 daAuts
